 Dungeon Crawl Stone Soup version 0.26.1-11-gd32895ea62 (webtiles) character file.

Game seed: 17762952096320212658

14536 bnorton916 the Destroyer (level 11, 0/54 HPs)
             Began as a Deep Elf Conjurer on July 19, 2021.
             Was a High Priest of Sif Muna.
             Shot with a bolt by an orc knight (13 damage)
             ... on level 1 of the Orcish Mines.
             The game lasted 00:43:31 (18205 turns).

bnorton916 the Destroyer (Deep Elf Conjurer)       Turns: 18205, Time: 00:43:32

Health: 0/54       AC:  7    Str:  4    XL:     11   Next: 90%
Magic:  25/25      EV: 13    Int: 29    God:    Sif Muna [*****.]
Gold:   324        SH:  0    Dex: 13    Spells: 10/26 levels left

rFire    . . .     SeeInvis .   C - +0 hunting sling of Hubris {venom, rN+ Will+}
rCold    + . .     Faith    .   (no shield)
rNeg     + . .     Spirit   .   a - +0 robe
rPois    +         Reflect  .   z - +1 hat
rElec    .         Harm     .   h - +2 cloak
rCorr    .         Rampage  .   (no gloves)
Will     +++..                  m - +0 pair of boots
Stlth    ++........             q - amulet of magic regeneration
HPRegen  0.18/turn              b - ring of willpower
MPRegen  0.44/turn              i - ring of poison resistance

@: no status effects
A: horns 1, clever 1, cold resistance 1, wild magic 1, evolution 1, no potion
heal 1
a: Renounce Religion, Channel Magic, Forget Spell, Divine Exegesis


You were on level 1 of the Orcish Mines.
You worshipped Sif Muna.
Sif Muna was extremely pleased with you.
You visited 2 branches of the dungeon, and saw 12 of its levels.

You collected 818 gold pieces.
You spent 494 gold pieces at shops.

Inventory:

Hand Weapons
 w - a +4 spear
 A - a +2 dagger of electrocution
 B - a +5 dagger
 C - the +0 hunting sling of Hubris (weapon) {venom, rN+ Will+}
   (You found it on level 4 of the Dungeon)

   It poisons the ammo it fires.
   It protects you from negative energy.
   It affects your willpower, your defense against some magical effects.
 V - a +0 dagger of venom
Missiles
 o - 31 poisoned darts
 s - 260 stones (quivered ammo)
 H - 2 curare-tipped darts
 J - 7 silver javelins
 S - 21 sling bullets
Armour
 a - a +0 robe (worn)
 h - a +2 cloak (worn)
 m - a +0 pair of boots (worn)
 y - a +1 leather armour of cold resistance
 z - a +1 hat (worn)
Magical Staves
 g - an uncursed staff of conjuration
 j - an uncursed staff of fire
Jewellery
 b - a ring of willpower (left hand)
 d - an uncursed amulet of regeneration
 i - a ring of poison resistance (right hand)
 q - an amulet of magic regeneration (around neck)
 v - an uncursed ring of flight
 M - an uncursed ring of positive energy
 P - an uncursed ring of willpower
Wands
 x - a wand of acid (8)
 E - a wand of paralysis (7)
 G - a wand of digging (4)
 O - a wand of iceblast (13)
 R - a wand of flame (13)
Scrolls
 e - 2 scrolls of amnesia
 f - 6 scrolls of remove curse
 l - 2 scrolls of enchant armour
 n - 2 scrolls of blinking
 p - 2 scrolls of magic mapping
 r - 2 scrolls of teleportation
 t - a scroll of fear
 u - 3 scrolls of fog
 N - a scroll of brand weapon {unknown}
 T - a scroll of vulnerability {unknown}
Potions
 c - 2 potions of flight
 k - 3 potions of might
 D - 2 potions of lignification
 F - a potion of attraction
 I - 2 potions of berserk rage
 K - 3 potions of mutation
 L - a potion of haste {unknown}
 Q - 2 potions of curing
 U - a potion of brilliance


   Skills:
 - Level 2.4 Dodging
 - Level 2.4 Stealth
 - Level 8.1 Spellcasting
 + Level 13.5 Conjurations
 - Level 5.4 Hexes
 - Level 4.5 Translocations
 + Level 11.6 Fire Magic
 + Level 6.9 Invocations


You had 10 spell levels left.
You knew the following spells:

 Your Spells              Type           Power        Failure   Level
a - Magic Dart            Conj           100%         1%          1
b - Searing Ray           Conj           100%         1%          2
c - Fulminant Prism       Conj/Hex       36%          1%          4
d - Iskenderun's Mystic   Conj/Tloc      70%          2%          4
e - Fireball              Conj/Fire      42%          1%          5

Your spell library contained the following spells:

 Spells                   Type           Power        Failure   Level
 Slow                     Hex            54%          1%          2
 Conjure Flame            Conj/Fire      84%          1%          3
 Dazzling Flash           Conj/Hex       100%         1%          3
 Iskenderun's Battlesphe  Conj           87%          1%          5
 Blink                    Tloc           N/A          2%          2
 Confusing Touch          Hex            54%          2%          3
 Gell's Gravitas          Tloc           24%          4%          3
 Ignite Poison            Fire/Tmut/Pois 44%          4%          3
 Mephitic Cloud           Conj/Pois/Air  49%          4%          3
 Summon Guardian Golem    Hex/Summ       35%          7%          3
 Starburst                Conj/Fire      42%          7%          6
 Summon Small Mammal      Summ           60%          8%          1
 Call Imp                 Summ           15%          11%         2
 Call Canine Familiar     Summ           15%          21%         3
 Metabolic Englaciation   Hex/Ice        17%          47%         5
 Yara's Violent Unravell  Hex/Tmut       17%          47%         5
 Petrify                  Tmut/Erth      15%          50%         4
 Summon Ice Beast         Ice/Summ       15%          50%         4
 Summon Lightning Spire   Summ/Air       15%          50%         4
 Conjure Ball Lightning   Conj/Air       30%          50%         6
 Spellforged Servitor     Conj/Summ      30%          96%         7
 Ignition                 Fire           40%          96%         8
 Chain Lightning          Conj/Air       30%          100%        8
 Lehudib's Crystal Spear  Conj/Erth      30%          100%        8
 Absolute Zero            Ice            7%           100%        9
 Fire Storm               Conj/Fire      42%          100%        9


Dungeon Overview and Level Annotations

Branches:
Dungeon (11/15)            Temple (0/1) D:5             Orc (1/2) D:9
   Lair: D:8-11

Altars:
Ashenzari
Cheibriados
Elyvilon
Nemelex Xobeh
Okawaru
Ru
Sif Muna
Uskayaw
Vehumet
Wu Jian
Yredelemnul

Shops:
D:5 ?   D:8 [=:   D:9 ?

Annotations:
D:4 RipUnclePhilFR's ghost, amateur DsBe


Innate Abilities, Weirdness & Mutations

You have a pair of small horns on your head.
Your mind is acute. (Int +2)
Your flesh is cold resistant. (rC+)
Your spells are a little harder to cast, but a little more powerful.
You evolve.
Potions are less effective at restoring your health.


Message History

You see here 4 bolts.
Fire: 262 stones
Press: ? - help, Q - select action, (/) - cycle Shift-Dir - straight line, f - orc knight
Aim: an orc knight, wielding a +0 arbalest, wearing a +1 plate armour of fire resistance and quivering 10 bolts (56% to hit)
You shoot a stone.
The stone hits the orc knight but does no damage.
The orc knight is poisoned.
The orc knight shoots a bolt.
The bolt hits you!
Fire: 261 stones
Press: ? - help, Q - select action, (/) - cycle Shift-Dir - straight line, f/p - orc knight
Aim: an orc knight, wielding a +0 arbalest, wearing a +1 plate armour of fire resistance and quivering 9 bolts (lightly wounded, very poisoned, 56% to hit)
You shoot a stone.
The stone hits the orc knight but does no damage.
The orc knight is lightly wounded.
The orc knight shoots a bolt.
The bolt hits you!!
* * * LOW HITPOINT WARNING * * *
There is a staircase back to the Dungeon, spattered with blood here.
You see here a bolt.
The orc knight shoots a bolt.
The bolt hits you!
You die...

##....##.#.#*++##,*,,,,,,,,,,,,,,
......#..'.#,..:#.+,,,,,,,,,**,,,
.....#)..'.#,...#.+,.....,,,,,,,,
...####).#.##''##.#.........,,,,,
..#.##...#........#.$[).....,,,,,
..####...#........#..[......,,,,,
....###)[##########(........,*,,,
.....##....)[.....o..#......**,,*
..)..##....#[.$[@#.........#*,,,*
.....#....##...(.(..#...#,,,*,,,*
.....o....##.([.[.......#*,***,**
#.......#####...(..##..##*** ***
#...).....##[.......####
#..........[.[.....##
..................##
.....#........#.###
.########....####


You could see an orc knight (poisoned).

Vanquished Creatures
  An orc warlord (Orc:1)
  Harold (D:7)
  Erolcha (D:9)
  A hydra (D:11)
  2 two-headed ogres
  Urug (D:10)
  A manticore (D:8)
  An ugly thing (D:11)
  Maurice (D:9)
  4 trolls
  A wyvern (D:10)
  Menkaure (D:4)
  A water moccasin (D:9)
  4 ice beasts
  15 orc warriors
  An eye of draining (D:10)
  2 sky beasts (D:9)
  2 black bears
  3 phantoms
  5 centaurs
  8 ogres
  2 necrophages
  2 big kobolds
  2 bullfrogs
  2 gnoll sergeants
  A wyvern zombie (D:10)
  3 scorpions
  3 killer bees (D:8)
  6 howler monkeys
  3 bullfrog zombies
  A centaur zombie (D:10)
  5 gnoll shamans
  3 jellies
  Crazy Yiuf (D:2)
  2 bullfrog skeletons
  4 hounds
  9 orc priests
  19 orc wizards
  Ijyb (D:3)
  An iguana (D:7)
  10 worker ants
  A killer bee zombie (D:6)
  4 hound skeletons
  3 worker ant zombies
  46 gnolls
  11 adders
  3 shadow imps
  2 white imps
  5 ufetubi
  An ooze (D:7)
  2 adder skeletons
  2 worms
  3 dart slugs (D:1)
  5 leopard geckos
  51 orcs
  A ball python (D:2)
  3 giant cockroaches
  10 hobgoblins
  29 jackals
  20 kobolds
  6 quokkas
  5 bats
  6 frilled lizards
  9 goblins
  A quokka skeleton (D:4)
  2 quokka zombies
  5 rats
373 creatures vanquished.

Vanquished Creatures (others)
  11 fulminant prisms
  3 plants (D:3)
14 creatures vanquished.

Grand Total: 387 creatures vanquished

Notes
Turn   | Place    | Note
-------+----------+-------------------------------------------
     0 | D:1      | bnorton916 the Deep Elf Conjurer began the quest for the
                  | Orb.
     0 | D:1      | Reached XP level 1. HP: 10/10 MP: 6/6
   366 | D:1      | Reached XP level 2. HP: 15/15 MP: 4/8
   903 | D:1      | Reached skill level 5 in Conjurations
   903 | D:1      | Reached XP level 3. HP: 19/19 MP: 7/10
  1026 | D:2      | Found a runed translucent door.
  1030 | D:2      | Learned a level 2 spell: Searing Ray
  1030 | D:2      | Noticed Crazy Yiuf
  1037 | D:2      | Killed Crazy Yiuf
  1224 | D:2      | Reached XP level 4. HP: 24/24 MP: 6/12
  1622 | D:2      | Found a broken altar of Ashenzari.
  2284 | D:3      | Reached skill level 5 in Spellcasting
  2680 | D:3      | Reached XP level 5. HP: 28/28 MP: 5/14
  2901 | D:3      | Found a shimmering blue altar of Sif Muna.
  2907 | D:3      | Became a worshipper of Sif Muna the Loreminder
  2963 | D:3      | Found an iron altar of Okawaru.
  2982 | D:3      | Reached skill level 6 in Conjurations
  3170 | D:2      | Learned a level 4 spell: Fulminant Prism
  3175 | D:2      | Learned a level 4 spell: Iskenderun's Mystic Blast
  3304 | D:3      | Reached skill level 1 in Hexes
  3319 | D:3      | Reached skill level 1 in Translocations
  3543 | D:3      | Reached XP level 6. HP: 32/32 MP: 7/17
  4694 | D:3      | Reached XP level 7. HP: 36/36 MP: 13/18
  4800 | D:3      | Reached * piety under Sif Muna
  5413 | D:3      | Noticed Ijyb
  5421 | D:3      | Killed Ijyb
  5848 | D:4      | Noticed Menkaure
  5853 | D:4      | Killed Menkaure
  5854 | D:4      | Reached skill level 7 in Conjurations
  6460 | D:4      | Reached XP level 8. HP: 41/41 MP: 16/21
  6467 | D:4      | Got a faintly glowing hunting sling
  6787 | D:4      | Found a runed translucent door.
  6788 | D:4      | Noticed RipUnclePhilFR's ghost (amateur DsBe)
  7017 | D:4      | Reached skill level 5 in Hexes
  7782 | D:4      | Gained mutation: Your mind is acute. (Int +2) [potion of
                  | mutation]
  7782 | D:4      | Gained mutation: You have a pair of small horns on your
                  | head. [potion of mutation]
  7782 | D:4      | Gained mutation: You evolve. [potion of mutation]
  7909 | D:5      | Entered Level 5 of the Dungeon
  7909 | D:5      | Found a snail-covered altar of Cheibriados.
  8076 | D:5      | Gained mutation: You rapidly evolve. [evolution]
  8513 | D:5      | Identified 3 scrolls of acquirement
  8513 | D:5      | Acquired an uncursed staff of fire
  8518 | D:5      | Acquired an uncursed staff of conjuration
  8519 | D:5      | Acquired a book of Fire
  8527 | D:5      | Learned a level 5 spell: Fireball
  8978 | D:5      | Found Xideig's Magic Scroll Emporium.
  8982 | D:5      | Bought a scroll of identify for 26 gold pieces
  8982 | D:5      | Bought a scroll of blinking for 97 gold pieces
  8982 | D:5      | Bought a scroll of magic mapping for 45 gold pieces
  8982 | D:5      | Bought a scroll of teleportation for 39 gold pieces
  8982 | D:5      | Bought a scroll of fear for 45 gold pieces
  8982 | D:5      | Bought a scroll of remove curse for 39 gold pieces
  8982 | D:5      | Bought a scroll of remove curse for 39 gold pieces
  8982 | D:5      | Bought a scroll of fog for 26 gold pieces
  8990 | D:5      | Identified the cursed +0 hunting sling of Hubris {venom,
                  | rN+ Will+} (You found it on level 4 of the Dungeon)
  9099 | D:5      | Found a staircase to the Ecumenical Temple.
  9292 | D:6      | Reached skill level 1 in Fire Magic
  9320 | D:6      | Reached skill level 8 in Conjurations
  9585 | D:6      | Reached ** piety under Sif Muna
  9807 | D:6      | Found a sparkling altar of Nemelex Xobeh.
  9846 | D:6      | Reached XP level 9. HP: 45/45 MP: 15/23
  9897 | D:6      | Reached skill level 9 in Conjurations
  9962 | D:6      | Gained mutation: Your flesh is cold resistant. (rC+)
                  | [evolution]
 10102 | D:6      | Found a radiant altar of Vehumet.
 10217 | D:6      | Reached skill level 5 in Fire Magic
 10232 | D:6      | Found a sacrificial altar of Ru.
 10592 | D:7      | Noticed a two-headed ogre
 10610 | D:7      | Killed a two-headed ogre
 10611 | D:7      | Reached skill level 10 in Conjurations
 10795 | D:7      | Noticed Harold
 10848 | D:8      | Found Edaodd's Book Boutique.
 11279 | D:8      | Reached *** piety under Sif Muna
 11342 | D:8      | Gained mutation: Potions are less effective at restoring
                  | your health. [evolution]
 11398 | D:8      | Reached XP level 10. HP: 31/50 MP: 19/24
 11567 | D:8      | Found a basalt altar of Yredelemnul.
 11707 | D:7      | Killed Harold
 11708 | D:7      | Reached skill level 11 in Conjurations
 12011 | D:7      | Found an ornate altar of the Wu Jian Council.
 12189 | D:8      | Found Konajeup's Armour Boutique.
 12331 | D:8      | Noticed a two-headed ogre
 12482 | D:8      | Gained mutation: Your spells are a little harder to cast,
                  | but a little more powerful. [evolution]
 12485 | D:8      | Noticed a manticore
 12494 | D:8      | Reached **** piety under Sif Muna
 12499 | D:8      | Killed a two-headed ogre
 12543 | D:8      | Killed a manticore
 12644 | D:8      | Reached skill level 12 in Conjurations
 12846 | D:8      | Found Wodghebyt's Jewellery Emporium.
 13059 | D:9      | Reached skill level 1 in Invocations
 13274 | D:9      | Found a staircase to the Orcish Mines.
 13274 | D:9      | Found a hide-covered altar of Uskayaw.
 13276 | D:9      | Noticed Erolcha
 13280 | D:9      | Killed Erolcha
 13281 | D:9      | Reached skill level 10 in Fire Magic
 13400 | D:9      | Lost mutation: You rapidly evolve. [evolution]
 13757 | D:9      | Found a white marble altar of Elyvilon.
 13769 | D:9      | Noticed Maurice
 13774 | D:9      | Killed Maurice
 13775 | D:9      | Reached XP level 11. HP: 44/54 MP: 6/25
 14250 | D:9      | Found Yhez's Magic Scroll Boutique.
 14261 | D:9      | Bought a scroll of blinking for 90 gold pieces
 14261 | D:9      | Bought a scroll of identify for 24 gold pieces
 14261 | D:9      | Bought a scroll of identify for 24 gold pieces
 14768 | D:10     | Entered Level 10 of the Dungeon
 15183 | D:10     | Noticed Urug
 15189 | D:10     | Killed Urug
 15683 | D:10     | Reached ***** piety under Sif Muna
 15790 | D:10     | Identified Wimeduq's Incunabulum of Combat Magic (Sif Muna
                  | gifted it to you on level 10 of the Dungeon)
 15790 | D:10     | Received a gift from Sif Muna
 16167 | D:11     | Noticed an eight-headed hydra
 16170 | D:11     | Killed an eight-headed hydra
 16171 | D:11     | Reached skill level 5 in Invocations
 16187 | D:11     | Reached skill level 13 in Conjurations
 16220 | D:11     | Noticed a red ugly thing
 16231 | D:11     | Killed a red ugly thing
 16660 | Orc:1    | Entered Level 1 of the Orcish Mines
 16825 | Orc:1    | Noticed an orc warlord
 17160 | Orc:1    | Killed an orc warlord
 17163 | Orc:1    | Noticed an orc knight
 18205 | Orc:1    | Shot with a bolt by an orc knight

Illustrated notes

Levels and vault maps discovered:
D:1:      dpeg_arrival_water_temple_mockup, layout_rooms, grunt_decor_fettered
D:2:      layout_loops_corners, ashenzari_altar_1, uniq_crazy_yiuf_cottage
D:3:      lemuel_castle_with_subvaults [lemuel_castle_interior_carwin_3],
          layout_basic, nicolae_overflow_hidden_temple,
          overflow_temple_1_default, nicolae_overflow_crystal_walls, uniq_ijyb
D:4:      layout_gridville, ebering_ghost_inner_flame, st_stairs_9,
          uniq_menkaure
D:5:      layout_loops_corners, temple_hall, basic_altar, serial_shops, shop,
          hangedman_minor_gate_pass
D:6:      layout_loops_cross, hangedman_ru_absence, basic_altar,
          nemelex_diamond_rough_becter
D:7:      layout_loops_ring, overflow_temple_1_default, uniq_harold
D:8:      layout_rooms, yredelemnul_altar_generic, serial_shops,
          nicolae_shop_stone, nicolae_shop_statue_plus, nicolae_shop_crystal,
          minmay_evil_grid
D:9:      layout_roguey, eat_drink_and_be_merry_uskayaw, serial_shops, shop,
          nicolae_wwwww, elyvilon_altar_3, uniq_erolcha, uniq_maurice
D:10:     layout_long_grid, uniq_urug
D:11:     layout_loops_ring, lair_entry_dummy
Orc:1:    layout_diamond_mine, portal_ice_cave_entry_ice_beasts,
          guppyfry_library_mini

Skill      XL: |  1  2  3  4  5  6  7  8  9 10 11 |
---------------+----------------------------------+-----
Spellcasting   | 4 5 6 7 8 |  8.1
Conjurations   | 5 6 7 8 10 12 13 | 13.5
Hexes          | 1 3 4 5 |  5.4
Translocations | 1 2 3 4 |  4.5
Fire Magic     | 4 7 10 11 | 11.6
Invocations    | 3 6 |  6.9
Dodging        | |  2.4
Stealth        | |  2.4

Action                   |  1- 3 |  4- 6 |  7- 9 | 10-12 || total
-------------------------+-------+-------+-------+-------++-------
Melee: Unarmed           |       |     1 |       |       ||     1
       Staff             |       |       |       |     2 ||     2
 Fire: Hunting sling     |       |       |       |     2 ||     2
 Cast: Magic Dart        |    56 |   191 |   265 |   175 ||   687
       Searing Ray       |     1 |    12 |    41 |    15 ||    69
       Fulminant Prism   |       |       |     9 |     2 ||    11
       Iskenderun's Myst |       |       |     3 |     7 ||    10
       Fireball          |       |       |       |    88 ||    88
Evoke: Wand              |       |       |       |     2 ||     2
  Use: Scroll            |       |       |    18 |     7 ||    25
       Potion            |       |       |     5 |     1 ||     6
Armor: Robe              |       |     6 |    13 |    15 ||    34
Dodge: Dodged            |     5 |    32 |    75 |    38 ||   150
